 Dungeon Crawl Stone Soup version 0.23.2-40-g277498a (webtiles) character file.

Game seed: 16183595303923631237

45670 Solotaire the Peltast (level 14, -5/123 (124) HPs)
             Began as a Minotaur Fighter on Sept 26, 2019.
             Was a High Priest of Qazlal.
             Splashed by an oklob plant's acid (14 damage)
             ... on level 6 of the Lair of Beasts.
             The game lasted 00:42:04 (14426 turns).

Solotaire the Peltast (Minotaur Fighter)           Turns: 14426, Time: 00:42:05

HP:   -5/123 (124)  AC:  8    Str: 26    XL:     14   Next: 2%
MP:   22/22         EV: 24    Int:  5    God:    Qazlal [*****.]
Gold: 795           SH: 22    Dex: 12    Spells: 13/13 levels left

rFire    . . .     SeeInvis .   K - +8 short sword of Orimant {drain, Str+2 Stlth+}
rCold    . . .     Gourm    .   O - +0 shield
rNeg     . . .     Faith    .   l - +1 plate armour
rPois    .         Spirit   .   (helmet restricted)
rElec    .         Reflect  .   x - +2 cloak
rCorr    .         Harm     .   (no gloves)
MR       ++...                  (no boots)
Stlth    ..........             M - amulet of the acrobat
HPRegen  0.30/turn              L - ring of protection from magic
MPRegen  0.18/turn              H - ring of magical power

@: corroded, acrobat, repel missiles
A: retaliatory headbutt, horns 2
a: Upheaval, Elemental Force, Disaster Area, Renounce Religion


You were on level 6 of the Lair of Beasts.
You worshipped Qazlal.
Qazlal was extremely pleased with you.
You were not hungry.

You visited 4 branches of the dungeon, and saw 18 of its levels.

You collected 837 gold pieces.
You spent 42 gold pieces at shops.

Inventory:

Hand Weapons
 a - a +1 war axe of flaming
 g - the +6 whip of a treasure trove {drain, Str+7 Dex+3 SInv}
   (You found it on level 4 of the Dungeon)

   A truly terrible weapon, it drains the life of those it strikes.
   It affects your strength (+7).
   It affects your dexterity (+3).
   It lets you see invisible.
 p - a +0 mace of protection
 K - the +8 short sword of Orimant (weapon) {drain, Str+2 Stlth+}
   (You took it off a centaur on level 10 of the Dungeon)

   A truly terrible weapon, it drains the life of those it strikes.
   It affects your strength (+2).
   It makes you more stealthy.
Armour
 l - a +1 plate armour (worn)
 x - a +2 cloak (worn)
 C - a +0 helmet
 O - a +0 shield (worn)
 Q - a scarf of cloud immunity
Jewellery
 k - an uncursed ring of teleportation
 n - an uncursed ring of attention
 H - a ring of magical power (right hand)
 L - a ring of protection from magic (left hand)
 M - an amulet of the acrobat (around neck)
 S - an uncursed ring of see invisible {unknown}
Wands
 b - a wand of scattershot (9)
 i - a wand of digging (16)
 q - a wand of random effects (44)
 s - a wand of flame (32)
 t - a wand of iceblast (19)
 D - a wand of paralysis (19)
 F - a wand of enslavement (21)
 P - a wand of disintegration (5)
 R - a wand of acid (11)
Scrolls
 f - 7 scrolls of teleportation
 r - 5 scrolls of remove curse
 v - 3 scrolls of enchant weapon
 y - 2 scrolls of fear
 B - 4 scrolls of enchant armour
 E - 10 scrolls of identify
 G - 2 scrolls of magic mapping
 I - a scroll of amnesia
 J - 4 scrolls of noise {unknown}
 U - a scroll of fog {unknown}
Potions
 d - a potion of might
 e - 3 potions of berserk rage
 h - 2 potions of haste
 j - 4 potions of curing
 o - a potion of brilliance {unknown}
 u - a potion of lignification {unknown}
 w - 5 potions of degeneration {unknown}
 z - 2 potions of heal wounds {unknown}
 A - 3 potions of cancellation
 N - a potion of agility
 T - a potion of flight {unknown}
Comestibles
 m - 25 rations


   Skills:
 + Level 11.3 Fighting
 + Level 9.2 Short Blades
 + Level 6.4(10.3) Axes
 + Level 12.4(13.0) Maces & Flails
 + Level 12.2 Armour
 + Level 3.6 Dodging
 + Level 2.6 Stealth
 + Level 16.3 Shields


You had 13 spell levels left.
You didn't know any spells.
Your spell library contained the following spells:

 Spells                   Type           Power        Failure   Level  Hunger
 Corona                   Hex            #......      99%         1    ##.....
 Ensorcelled Hibernation  Hex/Ice        #.....       100%        2    ###....
 Swiftness                Chrm/Air       #.......     100%        2    ###....
 Confuse                  Hex            #.......     100%        3    ####...
 Dazzling Spray           Conj/Hex       #.....       100%        3    ####...
 Recall                   Summ/Tloc      N/A          100%        3    ####...
 Tukima's Dance           Hex            #.......     100%        3    ####...
 Excruciating Wounds      Chrm/Necr      #.........   100%        5    ######.


Dungeon Overview and Level Annotations

Branches:
Dungeon (10/15)            Temple (1/1) D:6            Lair (6/6) D:10
  Snake (1/4) Lair:4        Slime (0/5) Lair:6          Orc (0/2) D:9
  Swamp: Lair:2-4    Shoals: Lair:2-4

Altars:
Ashenzari
Cheibriados
Dithmenos
Elyvilon
Fedhas
Gozag
Hepliaklqana
Kikubaaqudgha
Makhleb
Nemelex Xobeh
Okawaru
Qazlal
Ru
Trog
Uskayaw
Vehumet
Wu Jian
Xom
Yredelemnul
Zin
The Shining One
Jiyva

Shops:
D:4 *??   D:6 =   D:7 }

Annotations:
Lair:6 exclusion: 2 oklob plants


Innate Abilities, Weirdness & Mutations

You reflexively headbutt those who attack you in melee.
You have a pair of horns on your head.


Message History

The oklob plant is almost destroyed.
The oklob plant spits acid at you. You block the splash of acid.
You hit the oklob plant.
The oklob plant is almost destroyed.
You hit the oklob plant but do no damage.
You headbutt the oklob plant, but do no damage.
The oklob plant is almost destroyed.
You hit the oklob plant but do no damage.
The oklob plant is almost destroyed.
The oklob plant spits acid at you. The splash of acid hits you.
* * * LOW HITPOINT WARNING * * *
You are splashed with acid!
* * * LOW HITPOINT WARNING * * *
The oklob plant spits acid at you. The splash of acid hits you!
* * * LOW HITPOINT WARNING * * *
The acid corrodes you!
You are splashed with acid!
You die...

........#....###.#
.....####........###
#....## #..........##
...#..###...........#####
...##..^#.............#.#
.......P#..............##
..............☼..☼....##
..............§.☼.....####
..............!P@......#.#
.....##.......PP.P......#
##P.P#.......P^P.P.....#.#
#....#......PP(.PP.....###
#...........P<..%P°......#
............PP".P.P....###
P............PP.P.......##
##............PPP........#
##.....................##


You could see 2 oklob plants.

Vanquished Creatures
  2 azure jellies (Lair:6)
  A stone giant (D:9)
  A catoblepas (Lair:6)
  A naga warrior (Lair:4)
  5 hydras
  7 death yaks
  Erica (D:10)
  2 two-headed ogres (D:10)
  A deep troll shaman (Lair:6)
  Nergalle (D:10)
  An unseen horror (D:9)
  Pikel (D:7)
  A lindwurm (Lair:6)
  A wolf spider (D:9)
  A manticore (Lair:4)
  An oklob plant (Lair:6)
  8 elephants
  4 black mambas
  Psyche (D:8)
  9 spiny frogs
  A rime drake (Lair:5)
  2 ice devils (Lair:1)
  2 komodo dragons
  2 trolls
  5 polar bears
  Grinder (D:5)
  A slime creature (D:6)
  6 hippogriffs
  12 blink frogs
  A vampire (D:10)
  15 yaks
  A basilisk (Lair:2)
  Eustachio (D:4)
  A wyvern (Lair:5)
  A steam dragon (D:10)
  Grum (D:9)
  Edmund (D:5)
  11 water moccasins
  Duvessa (D:4)
  A floating eye (Lair:6)
  7 porcupines
  4 orc warriors (D:8)
  5 sky beasts
  3 phantoms
  5 ice beasts
  A necrophage (D:8)
  A black bear (D:8)
  4 ogres
  24 wolves
  8 centaurs
  11 crocodiles
  2 big kobolds
  13 bullfrogs
  A gnoll sergeant (D:9)
  Dowan (D:4)
  A wyvern skeleton (D:6)
  3 scorpions
  5 killer bees (D:7)
  4 wights (D:10)
  2 howler monkeys (D:7)
  5 crimson imps
  2 centaur zombies
  7 jellies
  A quasit (D:8)
  A bullfrog zombie (D:8)
  5 orc priests
  2 hounds
  12 orc wizards
  3 bullfrog skeletons
  3 centaur skeletons
  4 iguanas
  3 worker ants
  A killer bee zombie (D:6)
  A hound skeleton (D:9)
  A worker ant zombie (D:8)
  9 gnolls
  14 adders
  4 shadow imps
  13 oozes
  An adder skeleton (D:6)
  3 worms (D:2)
  2 dart slugs (D:1)
  5 leopard geckos
  41 orcs
  2 ball pythons
  12 bats
  11 giant cockroaches
  9 goblins
  5 hobgoblins
  8 quokkas
  8 frilled lizards
  A jackal skeleton (D:6)
  12 kobolds
  4 rats
  A bush (Lair:6)
  A butterfly (Lair:5)
  5 fungi
  A plant (D:8)
445 creatures vanquished.

Vanquished Creatures (others)
  A wizard (D:6)
  A howler monkey (D:7)
  An adder skeleton (D:7)
  An orc (D:10)
  4 bushes (Lair:3)
  3 fungi
  8 plants
19 creatures vanquished.

Grand Total: 464 creatures vanquished

Notes
Turn   | Place    | Note
-------+----------+-------------------------------------------
     0 | D:1      | Solotaire the Minotaur Fighter began the quest for the Orb.
     0 | D:1      | Reached XP level 1. HP: 19/19 MP: 0/0
    43 | D:1      | Reached skill level 4 in Shields
    82 | D:1      | Reached XP level 2. HP: 27/27 MP: 1/1
   292 | D:1      | Reached XP level 3. HP: 33/33 MP: 2/2
   865 | D:2      | Reached XP level 4. HP: 27/40 MP: 3/3
  1605 | D:3      | Found a faded altar of an unknown god.
  2015 | D:3      | Reached XP level 5. HP: 37/47 MP: 4/4
  2099 | D:4      | Got a warped whip
  2100 | D:4      | Identified the +6 whip of a treasure trove {drain, Str+7
                  | Dex+3 SInv} (You found it on level 4 of the Dungeon)
  2165 | D:4      | Noticed Eustachio
  2178 | D:4      | Killed Eustachio
  2178 | D:4      | Reached skill level 5 in Axes
  2178 | D:4      | Reached skill level 1 in Maces & Flails
  2178 | D:4      | Reached skill level 5 in Shields
  2178 | D:4      | Reached XP level 6. HP: 52/55 MP: 5/5
  2230 | D:4      | Noticed Duvessa
  2238 | D:4      | Killed Duvessa
  2238 | D:4      | Reached skill level 5 in Fighting
  2241 | D:4      | Noticed Dowan
  2247 | D:4      | Killed Dowan
  2247 | D:4      | Reached skill level 1 in Dodging
  2247 | D:4      | Reached XP level 7. HP: 60/61 MP: 6/6
  2273 | D:4      | Found Vuacvaah's Magic Scroll Emporium.
  2283 | D:4      | Bought a scroll of remove curse for 42 gold pieces
  2427 | D:4      | Found Exzoy's Assorted Antiques.
  2725 | D:4      | Found Riucumauch's Magic Scroll Boutique.
  2778 | D:5      | Entered Level 5 of the Dungeon
  2928 | D:5      | Noticed Edmund
  2945 | D:5      | Killed Edmund
  2945 | D:5      | Reached skill level 5 in Armour
  2954 | D:5      | Noticed Grinder
  2969 | D:5      | Paralysed by Grinder for 7 turns
  2977 | D:5      | Killed Grinder
  2977 | D:5      | Reached skill level 6 in Shields
  2977 | D:5      | Reached XP level 8. HP: 38/69 MP: 7/7
  3370 | D:6      | Reached skill level 5 in Maces & Flails
  3399 | D:6      | Found a staircase to the Ecumenical Temple.
  3413 | Temple   | Entered the Ecumenical Temple
  3466 | Temple   | Became a worshipper of Qazlal Stormbringer
  3562 | D:6      | Found Utott's Jewellery Shoppe.
  3591 | D:6      | Noticed a slime creature
  3608 | D:6      | Killed a slime creature
  3608 | D:6      | Reached skill level 7 in Shields
  3618 | D:6      | Reached * piety under Qazlal
  3775 | D:6      | Reached XP level 9. HP: 72/77 MP: 8/8
  3875 | D:6      | Found a bloodstained altar of Trog.
  3876 | D:6      | Noticed a wizard
  3882 | D:6      | Killed a wizard
  4195 | D:7      | Found Det Soge's Gadget Shop.
  4486 | D:7      | Reached skill level 8 in Shields
  4533 | D:7      | Reached ** piety under Qazlal
  4638 | D:7      | Noticed Pikel
  4645 | D:7      | Killed Pikel
  4691 | D:7      | Reached skill level 9 in Shields
  4739 | D:7      | Reached XP level 10. HP: 71/86 MP: 9/9
  5368 | D:8      | Noticed Psyche
  5379 | D:8      | Killed Psyche
  5379 | D:8      | Reached skill level 10 in Maces & Flails
  5634 | D:8      | Reached skill level 10 in Shields
  5791 | D:8      | Reached *** piety under Qazlal
  6952 | D:9      | Found a staircase to the Orcish Mines.
  7051 | D:9      | Noticed Grum
  7056 | D:9      | Noticed a wolf spider
  7057 | D:9      | Noticed a stone giant
  7062 | D:9      | Killed a wolf spider
  7067 | D:9      | Killed Grum
  7067 | D:9      | Reached skill level 11 in Shields
  7080 | D:9      | Killed a stone giant
  7080 | D:9      | Reached XP level 11. HP: 39/94 MP: 10/10
  7335 | D:9      | Identified the Disquisition on Companions and Boosts
  7524 | D:9      | Noticed an unseen horror
  7538 | D:9      | Killed an unseen horror
  7538 | D:9      | Reached **** piety under Qazlal
  7572 | D:9      | Found a white marble altar of Elyvilon.
  7970 | D:10     | Entered Level 10 of the Dungeon
  7970 | D:10     | Noticed a two-headed ogre
  7971 | D:10     | Noticed Nergalle
  7979 | D:10     | Noticed a two-headed ogre
  7980 | D:10     | Killed a two-headed ogre
  8187 | D:10     | Killed a two-headed ogre
  8187 | D:10     | Reached skill level 10 in Armour
  8187 | D:10     | Reached skill level 12 in Shields
  8194 | D:10     | Killed Nergalle
  8254 | D:10     | Noticed Erica
  8269 | D:10     | Killed Erica
  8366 | D:10     | Identified the +8 short sword of Orimant {drain, Str+2
                  | Stlth+}
  8660 | D:10     | Found a staircase to the Lair.
  8674 | Lair:1   | Entered Level 1 of the Lair of Beasts
  8704 | Lair:1   | Noticed a five-headed hydra
  8709 | Lair:1   | Killed a five-headed hydra
  8709 | Lair:1   | Reached skill level 13 in Shields
  8809 | Lair:1   | Reached XP level 12. HP: 79/103 MP: 11/11
  8891 | Lair:1   | Reached skill level 1 in Short Blades
  9153 | Lair:1   | Found a frozen archway.
  9743 | Lair:2   | You fall through a shaft!
  9894 | Lair:3   | Reached skill level 10 in Fighting
  9906 | Lair:3   | Reached ***** piety under Qazlal
 10476 | Lair:3   | You fall through a shaft for 2 floors!
 10494 | Lair:5   | Reached skill level 5 in Short Blades
 10512 | Lair:5   | Reached skill level 14 in Shields
 11404 | Lair:4   | Noticed a six-headed hydra
 11419 | Lair:4   | Killed a six-headed hydra
 11419 | Lair:4   | Reached XP level 13. HP: 64/113 MP: 12/12
 11524 | Lair:4   | Found a staircase to the Snake Pit.
 11541 | Snake:1  | Entered Level 1 of the Snake Pit
 11765 | Lair:4   | Reached skill level 15 in Shields
 11861 | Lair:4   | You fall through a shaft!
 11895 | Lair:6   | Entered Level 6 of the Lair of Beasts
 12337 | Lair:6   | Paralysed by a floating eye for 2 turns
 12595 | Lair:6   | Found a runed translucent door.
 12597 | Lair:6   | Found a viscous altar of Jiyva.
 12598 | Lair:6   | Noticed an azure jelly
 12598 | Lair:6   | Noticed an azure jelly
 12599 | Lair:6   | Found a staircase to the Slime Pits.
 12619 | Lair:6   | Killed an azure jelly
 12626 | Lair:6   | Killed an azure jelly
 12626 | Lair:6   | Reached skill level 16 in Shields
 12720 | Lair:6   | Reached skill level 1 in Stealth
 12920 | Lair:6   | Reached XP level 14. HP: 39/123 MP: 13/13
 14426 | Lair:6   | Splashed by an oklob plant's acid

Skill      XL: |  1  2  3  4  5  6  7  8  9 10 11 12 13 |
---------------+----------------------------------------+-----
Shields        | 4 5 6 7 9 11 13 14 16 | 16.3
Fighting       | 4 5 6 7 8 9 10 11 | 11.3
Armour         | 4 5 6 7 9 10 11 12 | 12.2
Axes           | 3 4 5 6 |  6.4
Maces & Flails | 1 4 7 9 11 12 | 12.4
Dodging        | 1 2 3 |  3.6
Short Blades   | 6 9 |  9.2
Stealth        | 2 |  2.6

Action                   |  1- 3 |  4- 6 |  7- 9 | 10-12 | 13-15 || total
-------------------------+-------+-------+-------+-------+-------++-------
Melee: War axe           |    93 |   106 |       |       |       ||   199
       Headbutt          |    13 |    20 |    60 |   195 |   121 ||   409
       Whip              |       |    25 |   262 |   382 |       ||   669
       Short sword       |       |       |       |   300 |   366 ||   666
  Use: Scroll            |     5 |     4 |     3 |     2 |     1 ||    15
       Potion            |       |       |     2 |       |       ||     2
 Stab: Petrified         |       |       |       |       |     6 ||     6
       Petrifying        |       |       |       |       |     3 ||     3
  Eat: Ration            |       |     1 |     1 |     4 |     2 ||     8
       Chunk             |       |     1 |     6 |     7 |     3 ||    17
Armor: Scale mail        |    19 |       |       |       |       ||    19
       Plate armour      |    46 |    80 |    94 |   194 |   129 ||   543
       Ring mail         |       |       |       |     1 |       ||     1
Dodge: Dodged            |    24 |    22 |    48 |   163 |    91 ||   348
       Deflected         |       |       |       |     5 |    15 ||    20
Block: Shield            |    39 |    70 |   124 |   604 |   358 ||  1195
